 Dungeon Crawl Stone Soup version 0.30-a0-802-gb92711bcdf (webtiles) character file.

Game seed: 4748660843221016740

92 cforsyth the Sneak (level 4, 0/28 HPs)
             Began as a Kobold Brigand on Feb 24, 2023.
             Slain by a goblin
             ... wielding a +0 dagger
             ... led by Robin
              (4 damage)
             ... on level 3 of the Dungeon.
             The game lasted 00:02:45 (2065 turns).

cforsyth the Sneak (Kobold Brigand)                 Turns: 2065, Time: 00:02:45

Health: 0/28       AC:  3    Str:  8    XL:     4   Next: 90%
Magic:  4/4        EV: 15    Int: 12    God:
Gold:   40         SH:  0    Dex: 18    Spells: 3/3 levels left

rFire   . . .      SeeInvis .    a - +2 dagger
rCold   . . .      Faith    .    (no shield)
rNeg    . . .      Spirit   .    b - +0 robe
rPois   .          Reflect  .    (no helmet)
rElec   .          Harm     .    c - +0 cloak
rCorr   .          Rampage  .    (no gloves)
Will    .....                    (no boots)
Stlth   ++++                     (no amulet)
HPRegen 0.24/turn                (no ring)
MPRegen 0.09/turn                (no ring)

@: no status effects
A: small, no large weapons, nightstalker 3
a: no special abilities


You were on level 3 of the Dungeon.
You visited 1 branch of the dungeon, and saw 3 of its levels.

You collected 40 gold pieces.

Inventory:

Hand Weapons
 a - a +2 dagger (weapon)
Missiles
 d - 9 poisoned darts (quivered)
 e - 3 curare-tipped darts
Armour
 b - a +0 robe (worn)
 c - a +0 cloak (worn)
Scrolls
 f - 2 scrolls of blinking
 k - 2 scrolls of fear
 n - a scroll of torment {unknown}
 o - a scroll of poison {unknown}
Potions
 g - 2 potions of degeneration {unknown}
 h - a potion of lignification {unknown}
 i - a potion of attraction {unknown}
 j - a potion of magic {unknown}
 l - 2 potions of might {unknown}
 m - 2 potions of heal wounds {unknown}


   Skills:
 + Level 3.1 Fighting
 + Level 3.9 Short Blades
 - Level 2.1 Throwing
 + Level 2.6 Dodging
 + Level 6.1 Stealth


You had 3 spell levels left.
You didn't know any spells.
Your spell library contained the following spells:

 Spells                   Type           Power      Damage    Failure   Level
 Necrotise                Necr           0%         1d4       32%         1
 Vampiric Draining        Necr           0%         2d6       69%         3
 Agony                    Necr           0%         N/A       100%        5


Dungeon Overview and Level Annotations

Branches:
Dungeon (3/15)

Altars:

Annotations:
D:3 Robin


Innate Abilities, Weirdness & Mutations

You are small and have problems with some larger weapons.
You are completely attuned to the shadows.


Message History

You hit the hobgoblin but do no damage. The hobgoblin misses you.
You barely miss the hobgoblin. Robin throws the goblin at you!
A goblin comes into view. It is wielding a +0 club.
The goblin misses you.
The hobgoblin hits you but does no damage.
You hit the goblin but do no damage.
Robin says, "My army is invincible!"
You hit Robin.
Robin is lightly wounded.
The hobgoblin hits you. The goblin hits you but does no damage.
Robin misses you.
You barely miss Robin.
Robin is lightly wounded.
The goblin misses you. The hobgoblin misses you.
You hit Robin but do no damage.
Robin is lightly wounded.
Robin roars a battlecry!
The goblins go into a battle-frenzy!
The hobgoblin closely misses you. The goblin hits you but does no damage.
You hit Robin but do no damage.
Robin is lightly wounded.
Robin hits you but does no damage. The goblin misses you.
The goblin hits you with a +0 club. The hobgoblin barely misses you.
You hit the goblin.
You kill the goblin!
Robin hits you with a +0 dagger. The goblin barely misses you.
The hobgoblin hits you. Robin attacks as you move away!
Robin closely misses you. Robin throws the goblin at you!
The goblin closely misses you.
Things that are here:
a +0 club; a goblin corpse You hit the goblin.
You kill the goblin!
Robin throws the goblin at you!
* * * LOW HITPOINT WARNING * * *
Items here: ! ))) ††.
You barely miss the goblin. The goblin hits you with a +0 club.
* * * LOW HITPOINT WARNING * * *
The goblin hits you with a +0 dagger.
You die...

############
#<.........#
##########.#
#.# #.# #g#
#@# #g#
####g####
#..g)....
#....####
.'....>..
##......#
#........
...
#.####...
#..


You could see Robin, a hobgoblin (strong) and 2 goblins.

Vanquished Creatures
  A gnoll (D:3)
  2 adders
  2 dart slugs
  An orc (D:2)
  4 bats
  5 endoplasms
  13 goblins
  5 hobgoblins
  7 kobolds
  3 quokkas
  3 ball pythons (D:1)
  6 frilled lizards
  5 rats
57 creatures vanquished.

Notes
Turn   | Place    | Note
-------+----------+-------------------------------------------
     0 | D:1      | cforsyth the Kobold Brigand began the quest for the Orb.
     0 | D:1      | Reached XP level 1. HP: 12/12 MP: 1/1
   103 | D:1      | Found a faded altar of an unknown god.
   116 | D:1      | Reached XP level 2. HP: 18/18 MP: 2/2
   584 | D:1      | Reached XP level 3. HP: 22/22 MP: 3/3
  1266 | D:2      | Reached XP level 4. HP: 27/27 MP: 4/4
  1749 | D:3      | Reached skill level 6 in Stealth
  2051 | D:3      | Noticed Robin
  2065 | D:3      | Slain by a goblin

Illustrated notes

Levels and vault maps discovered:
D:1:      nzn_arrival_crosshair, layout_loops_corners,
          ebering_ecumenical_altar_box
D:2:      layout_basic, minmay_split_cup_small
D:3:      kennysheep_big_flooded_room, layout_basic, amcnicky_altar_gilded,
          fedhas_ov_isle_minmay, serial_shops, nicolae_shop_waterfront,
          uniq_grinder, uniq_ijyb, uniq_robin

Skill      XL: |  1  2  3  4 |
---------------+-------------+-----
Short Blades   | 3 |  3.9
Dodging        | 2 |  2.6
Stealth        | 6 |  6.1
Fighting       | 3 |  3.1
Throwing       | |  2.1

Action                     |  1- 3 |  4- 6 || total
---------------------------+-------+-------++-------
  Melee: Dagger            |    71 |    60 ||   131
    Use: Scroll            |       |     2 ||     2
   Stab: Sleeping          |    23 |     7 ||    30
 Armour: Robe              |     2 |    14 ||    16
  Dodge: Dodged            |    36 |    57 ||    93

Table legend: (Time is in decaauts)
 A = Elapsed time spent in this place.
 B = Non-inter-level travel time spent in this place.
 C = Inter-level travel time spent in this place.
 D = Time resting spent in this place.
 E = Time spent auto-exploring this place.
 F = Levels seen in this place.
 G = Mean time per level.
                   A        B        C        D        E       F      G
               +--------+--------+--------+--------+--------+-----+--------+
         Total |   2043 |   1986 |     57 |      0 |   1586 |   3 |  681.0 |
       Dungeon |   2043 |   1986 |     57 |      0 |   1586 |   3 |  681.0 |
               +--------+--------+--------+--------+--------+-----+--------+

Top non-repeatable levels by time:
     D:1: 926 daAuts
     D:2: 741 daAuts
     D:3: 375 daAuts
